 Dungeon Sprint DCSS version 0.29.1-2-gbd0b4ee654 (webtiles) character file.

Game seed: 5209250385242576578

779 boopmooplesden the Protected (level 7, 0/109 HPs)
             Began as a Minotaur Fighter on Nov 25, 2022.
             Was a Believer of Trog.
             Slain by a 13-headed hydra (2 damage)
             ... in the Dungeon (Sprint IX: "|||||||||||||||||||||||||||||").
             The game lasted 00:01:09 (536 turns).

boopmooplesden the Protected (Minotaur Fighter)      Turns: 536, Time: 00:01:09

Health: 0/109      AC: 18    Str: 22    XL:     7   Next: 54%
Magic:  6/6        EV:  8    Int:  5    God:    Trog [**....]
Gold:   0          SH:  6    Dex: 10    Spells: 6/6 levels left

rFire   . . .      SeeInvis .   m - +1 broad axe (vamp)
rCold   . . .      Faith    .   c - +0 buckler
rNeg    . . .      Spirit   .   o - +1 chain mail
rPois   .          Reflect  .   (helmet restricted)
rElec   .          Harm     .   (no cloak)
rCorr   .          Rampage  .   n - +0 pair of gloves
Will    .....      NoTele   +   (no boots)
Stlth   ..........              (no amulet)
HPRegen 0.28/turn               p - +2 ring of protection
MPRegen 0.10/turn               q - +2 ring of protection

@: berserking (expiring), very quick
A: horns 2, retaliatory headbutt
a: Renounce Religion, Berserk, Trog's Hand


You were in the Dungeon.
You worshipped Trog.
Trog was pleased with you.
You visited 1 branch

Inventory:

Hand Weapons
 a - a +0 war axe
 m - a +1 vampiric broad axe (weapon)
Armour
 b - a +0 scale mail
 c - a +0 buckler (worn)
 n - a +0 pair of gloves (worn)
 o - a +1 chain mail (worn)
Jewellery
 p - a +2 ring of protection (left hand)
 q - a +2 ring of protection (right hand)
Wands
 l - a wand of quicksilver (10)
Scrolls
 j - 2 scrolls of blinking
Potions
 e - 5 potions of curing
 f - 3 potions of heal wounds
 g - a potion of haste
 h - 4 potions of magic
 i - a potion of berserk rage
 k - a potion of invisibility


   Skills:
 + Level 10.8 Fighting
 + Level 10.4 Axes
 + Level 11.1 Armour
 + Level 1.5 Dodging
 + Level 9.7 Shields


You had 6 spell levels left.
You didn't know any spells.
Your spell library was empty.

Dungeon Overview and Level Annotations

Branches:
Dungeon (1/1)

Altars:
Cheibriados
Dithmenos
Elyvilon
Fedhas
Gozag
Hepliaklqana
Kikubaaqudgha
Makhleb
Nemelex Xobeh
Okawaru
Qazlal
Ru
Sif Muna
Trog
Uskayaw
Vehumet
Wu Jian
Xom
Yredelemnul
Zin
The Shining One
Jiyva
Lugonu


Innate Abilities, Weirdness & Mutations

You have a pair of horns on your head.
You reflexively headbutt those who attack you in melee.


Message History

The ten-headed hydra bites you.
The ten-headed hydra bites you but does no damage.
The ten-headed hydra bites you. The ten-headed hydra bites you!
The ten-headed hydra bites you.
You hack one of the ten-headed hydra's heads off!
The nine-headed hydra grows two more!
You slash the 11-headed hydra!
The 11-headed hydra is heavily wounded.
You lop one of the 11-headed hydra's heads off!
The ten-headed hydra grows two more!
You slice the 12-headed hydra!! You headbutt the 12-headed hydra!
The 12-headed hydra is severely wounded.
The 12-headed hydra bites you! The 12-headed hydra barely misses you.
The 12-headed hydra bites you!
* * * LOW HITPOINT WARNING * * *
The 12-headed hydra closely misses you. The 12-headed hydra bites you.
* * * LOW HITPOINT WARNING * * *
You block the 12-headed hydra's attack.
The 12-headed hydra bites you but does no damage.
The 12-headed hydra closely misses you.
The 12-headed hydra bites you but does no damage. x2
The 12-headed hydra barely misses you. x2
The kobold demonologist gestures wildly while chanting.
You slice one of the 12-headed hydra's heads off!
The 11-headed hydra grows two more!
You hit the 13-headed hydra.
You feel better.
The 13-headed hydra is heavily wounded.
The 13-headed hydra bites you!
* * * LOW HITPOINT WARNING * * *
The 13-headed hydra bites you but does no damage.
The 13-headed hydra bites you.
* * * LOW HITPOINT WARNING * * *
The 13-headed hydra bites you.
* * * LOW HITPOINT WARNING * * *
The 13-headed hydra bites you.
* * * LOW HITPOINT WARNING * * *
The 13-headed hydra bites you but does no damage.
The 13-headed hydra bites you!
* * * LOW HITPOINT WARNING * * *
The 13-headed hydra bites you.
You die... ▓▓▓▓▓▓▓▓▓▓▓▓▓▓▓▓▓▓▓▓▓▓▓▓ +{OcTKD@......†...[..)?. ▓▓▓▓▓▓▓▓▓▓▓▓▓▓▓▓▓▓▓▓▓▓▓▓

You could see a 13-headed hydra, a centaur warrior, a two-headed ogre, a kobold demonologist and a troll.

Vanquished Creatures
  A troll (D)
  A wyvern (D)
  A vampire mosquito (D)
  An acid dragon (D)
  A killer bee (D)
  A howler monkey (D)
  A hound (D)
  2 iguanas (D)
  An adder (D)
  A dart slug (D)
  A hobgoblin (D)
  A quokka (D)
  A bat (D)
  2 kobolds (D)
16 creatures vanquished.

Notes
Turn   | Place    | Note
-------+----------+-------------------------------------------
     0 | D        | boopmooplesden the Minotaur Fighter began the quest for the
                  | Orb.
     0 | D        | Reached XP level 1. HP: 19/19 MP: 0/0
     6 | D        | Reached skill level 4 in Armour
    15 | D        | Noticed an iguana
    15 | D        | Noticed an iguana
    15 | D        | Noticed a hound
    17 | D        | Killed a hound
    18 | D        | Reached skill level 5 in Fighting
    18 | D        | Reached skill level 5 in Armour
    18 | D        | Reached skill level 5 in Shields
    18 | D        | Reached XP level 2. HP: 22/29 MP: 1/1
    18 | D        | Reached XP level 3. HP: 28/36 MP: 2/2
    22 | D        | Reached skill level 6 in Armour
    22 | D        | Reached XP level 4. HP: 29/44 MP: 3/3
   293 | D        | Found a snail-covered altar of Cheibriados.
   293 | D        | Found a shadowy altar of Dithmenos.
   293 | D        | Found a white marble altar of Elyvilon.
   293 | D        | Found a blossoming altar of Fedhas.
   293 | D        | Found an opulent altar of Gozag.
   294 | D        | Found a hazy altar of Hepliaklqana.
   295 | D        | Found a viscous altar of Jiyva.
   296 | D        | Found an ancient bone altar of Kikubaaqudgha.
   297 | D        | Found a corrupted altar of Lugonu.
   298 | D        | Found a burning altar of Makhleb.
   299 | D        | Found a sparkling altar of Nemelex Xobeh.
   300 | D        | Found an iron altar of Okawaru.
   301 | D        | Found a stormy altar of Qazlal.
   302 | D        | Found a sacrificial altar of Ru.
   303 | D        | Found a shimmering blue altar of Sif Muna.
   304 | D        | Found a bloodstained altar of Trog.
   305 | D        | Found a hide-covered altar of Uskayaw.
   306 | D        | Found a radiant altar of Vehumet.
   307 | D        | Found an ornate altar of the Wu Jian Council.
   308 | D        | Found a shimmering altar of Xom.
   309 | D        | Found a basalt altar of Yredelemnul.
   310 | D        | Found a glowing silver altar of Zin.
   311 | D        | Found a glowing golden altar of the Shining One.
   312 | D        | Became a worshipper of Trog the Wrathful
   357 | D        | Noticed a vampire mosquito
   357 | D        | Noticed an acid dragon
   357 | D        | Noticed a wyvern
   357 | D        | Noticed a troll
   362 | D        | Reached skill level 5 in Axes
   362 | D        | Reached skill level 7 in Armour
   362 | D        | Reached XP level 5. HP: 52/52 MP: 4/4
   369 | D        | Reached skill level 8 in Armour
   375 | D        | Killed a troll
   375 | D        | Reached * piety under Trog
   376 | D        | Reached skill level 9 in Armour
   376 | D        | Reached skill level 1 in Dodging
   376 | D        | Reached XP level 6. HP: 38/64 MP: 5/5
   379 | D        | Killed a wyvern
   380 | D        | Reached skill level 10 in Fighting
   380 | D        | Reached skill level 10 in Armour
   380 | D        | Reached XP level 7. HP: 62/72 MP: 6/6
   385 | D        | Killed a vampire mosquito
   385 | D        | Reached ** piety under Trog
   386 | D        | Reached skill level 10 in Axes
   386 | D        | Reached skill level 11 in Armour
   526 | D        | Noticed a two-headed ogre
   526 | D        | Noticed a centaur warrior
   526 | D        | Noticed a troll
   526 | D        | Noticed a six-headed hydra
   526 | D        | Noticed a kobold demonologist
   536 | D        | HP: 2/109 [13-headed hydra (8)]
   536 | D        | Slain by a 13-headed hydra

Illustrated notes

Levels and vault maps discovered:
D:        linesprint [early_d, line_temple, items_1, d_10, items_2, lair_1,
          lair_end, items_3, orc_1, orc_end, items_4, d_15, swamp_1, shoals_1,
          snake_1, spider_1, d_20, vaults_1, items_5, swamp_end, shoals_end,
          snake_end, spider_end, vaults_end, d_27, items_6, zot_1, zot_end,
          crypt_end, forest_end, elf_end, slime_end, tomb_end, abyss_end,
          pan_hell_end]

Skill      XL: |  1  2  3  4  5  6  7 |
---------------+----------------------+-----
Fighting       | 5 6 7 9 10 | 10.8
Armour         | 5 6 7 9 10 11 | 11.1
Shields        | 5 6 7 8 9 |  9.7
Axes           | 3 4 5 8 9 10 | 10.4
Dodging        | 1 |  1.5

Action                   |  1- 3 |  4- 6 |  7- 9 || total
-------------------------+-------+-------+-------++-------
Melee: War axe           |    11 |     9 |       ||    20
       Headbutt          |     5 |     8 |     1 ||    14
       Broad axe         |       |    21 |    14 ||    35
Invok: Berserk           |       |       |     1 ||     1
  Use: Potion            |       |     1 |       ||     1
Armor: Scale mail        |     1 |     6 |       ||     7
       Chain mail        |       |    19 |    19 ||    38
Dodge: Dodged            |     4 |    17 |    14 ||    35
Block: Buckler           |     2 |     8 |     8 ||    18
